EL
TRENTON THUNDER @ BIRMINGHAM BARONS
07/01/2048
 
TOP OF THE 1ST
Trenton Thunder batting - Pitching for Birmingham Barons : RHP Ruben Castro
Pitching: RHP Ruben Castro
Batting: RHB Bryan Westray 0-0: Swinging Strike
0-1: Ball
1-1: Ball
2-1: Ground out 1-3 (Groundball, 15S, EV 71.9 MPH)
Batting: RHB Tim Osborn 0-0: Fly out, F6 (Line Drive, 6M, EV 67.5 MPH)
Batting: LHB Jared Zulkowski 0-0: Called Strike
0-1: Ball
1-1: Fly out, F8 (Flyball, 8LM, EV 91.2 MPH)
Top of the 1st over - 0 runs, 0 hits, 0 errors, 0 left on base; Trenton 0 - Birmingham 0
BOTTOM OF THE 1ST
Birmingham Barons batting - Pitching for Trenton Thunder : RHP Jarred Sharp
Pitching: RHP Jarred Sharp
Batting: RHB Josiah Wright 0-0: Ball
1-0: Ground out 4-3 (Groundball, 4, EV 102.5 MPH)
Batting: LHB Larry Myers 0-0: Ground out U3 (Groundball, 3L, EV 95.6 MPH)
Batting: SHB Ruben Velasco Jr. 0-0: Foul Ball, location: 2F
0-1: Called Strike
0-2: Ball
1-2: Ball
2-2: Ball
3-2: Foul Ball, location: 2F
3-2: Ground out U3 (Groundball, 34S, EV 84.4 MPH)
Bottom of the 1st over - 0 runs, 0 hits, 0 errors, 0 left on base; Trenton 0 - Birmingham 0
TOP OF THE 2ND
Trenton Thunder batting - Pitching for Birmingham Barons : RHP Ruben Castro
Batting: SHB Jay Gagnon 0-0: Foul Ball, location: 2F
0-1: Foul Ball, location: 2F
0-2: Ball
1-2: Ball
2-2: Strikes out looking
Batting: RHB Sam Hubbert 0-0: Swinging Strike
0-1: Ball
1-1: Called Strike
1-2: Ground out 6-3 (Groundball, 6, EV 106.2 MPH)
Batting: SHB Houston Phillips 0-0: Swinging Strike
0-1: Fly out, F8 (Flyball, 8LM, EV 86.9 MPH)
Top of the 2nd over - 0 runs, 0 hits, 0 errors, 0 left on base; Trenton 0 - Birmingham 0
BOTTOM OF THE 2ND
Birmingham Barons batting - Pitching for Trenton Thunder : RHP Jarred Sharp
Batting: RHB Mike Savage 0-0: Called Strike
0-1: Ball
1-1: Foul Ball, location: 2F
1-2: Strikes out swinging
Batting: RHB Ethan McCullough 0-0: Ball
1-0: Ground out 5-3 (Groundball, 56S, EV 66.2 MPH)
Batting: RHB Toichiro Fujimoto 0-0: Ball
1-0: Ball
2-0: Ball
3-0: Called Strike
3-1: SINGLE (Groundball, 56D, EV 98.1 MPH)
Batting: SHB Josh Conner 0-0: Ball
1-0: Ball
2-0: DOUBLE (Flyball, 78D, EV 104.4 MPH)
Toichiro Fujimoto to third
Runner from 3rd tries for Home, SAFE, throw by CF to home
Batting: SHB Olaf Zoeteman 0-0: Ball
1-0: Called Strike
1-1: Swinging Strike
1-2: Foul Ball, location: 2F
1-2: Ball
2-2: Foul Ball, location: 2F
2-2: Ball
3-2: Strikes out swinging
Bottom of the 2nd over - 1 run, 2 hits, 0 errors, 1 left on base; Trenton 0 - Birmingham 1
TOP OF THE 3RD
Trenton Thunder batting - Pitching for Birmingham Barons : RHP Ruben Castro
Batting: SHB David Stewart 0-0: Ball
1-0: Ball
2-0: SINGLE (Groundball, 4D, EV 97.5 MPH)
Batting: RHB Javier Umanzor 0-0: Ball
David Stewart steals 2nd base
1-0: Ball
2-0: Swinging Strike
2-1: Foul Ball, location: 2F
2-2: Ball
3-2: Base on Balls
Batting: RHB Ben Kidder 0-0: Ball
1-0: DOUBLE (Groundball, 5L, EV 102.5 MPH)
David Stewart scores
Javier Umanzor to third
Runner from 3rd tries for Home, SAFE, no throw by LF
Batting: RHB Bryan Westray 0-0: Ball
1-0: Ground out 5-3 (Groundball, 56, EV 97.5 MPH)
Batting: RHB Tim Osborn 0-0: Fly out, F3 (Line Drive, 3, EV 60.6 MPH)
Batting: LHB Jared Zulkowski 0-0: Foul Ball, location: 2F
0-1: Foul Ball, location: 2F
0-2: Foul Ball, location: 2F
0-2: Ground out 4-3 (Groundball, 4, EV 83.1 MPH)
Top of the 3rd over - 2 runs, 2 hits, 0 errors, 1 left on base; Trenton 2 - Birmingham 1
BOTTOM OF THE 3RD
Birmingham Barons batting - Pitching for Trenton Thunder : RHP Jarred Sharp
Batting: RHB John Iddings 0-0: Ball
1-0: Ground out 6-3 (Groundball, 6, EV 90.0 MPH)
Batting: RHB Josiah Wright 0-0: Swinging Strike
0-1: Ball
1-1: Foul Ball, location: 2F
1-2: Ball
2-2: SINGLE (Flyball, 8RS, EV 90.6 MPH)
Batting: LHB Larry Myers 0-0: Called Strike
0-1: Called Strike
0-2: Ball
1-2: Fielders Choice at 2nd, 5-4 (Groundball, 5, EV 102.5 MPH)
Batting: SHB Ruben Velasco Jr. 0-0: Fielders Choice at 2nd, 6-4 (Groundball, 6, EV 105.0 MPH)
Bottom of the 3rd over - 0 runs, 1 hit, 0 errors, 1 left on base; Trenton 2 - Birmingham 1
TOP OF THE 4TH
Trenton Thunder batting - Pitching for Birmingham Barons : RHP Ruben Castro
Batting: SHB Jay Gagnon 0-0: Foul Ball, location: 2F
0-1: Foul Ball, location: 2F
0-2: Ball
1-2: SINGLE (Groundball, 25, EV 68.1 MPH) (infield hit)
Batting: RHB Sam Hubbert 0-0: Called Strike
Jay Gagnon steals 2nd base
0-1: Ball
1-1: Swinging Strike
1-2: Hit by Pitch
Batting: SHB Houston Phillips 0-0: Called Strike
0-1: Foul Ball, location: 2F
0-2: Foul Ball, location: 2F
0-2: Ball
1-2: Ball
2-2: Strikes out swinging
Batting: SHB David Stewart 0-0: Fielders Choice at 2nd, 4-6 (Groundball, 4, EV 90.6 MPH)
Jay Gagnon to third
Batting: RHB Javier Umanzor 0-0: Called Strike
0-1: Foul Ball, location: 2F
0-2: SINGLE (Groundball, 3D, EV 106.2 MPH)
Jay Gagnon scores
David Stewart to second
Runner from 2nd tries for 3rd, SAFE, throw by RF made to third
Batting: RHB Ben Kidder 0-0: Called Strike
0-1: Ball
1-1: Swinging Strike
1-2: Strikes out looking
Top of the 4th over - 1 run, 2 hits, 0 errors, 2 left on base; Trenton 3 - Birmingham 1
BOTTOM OF THE 4TH
Birmingham Barons batting - Pitching for Trenton Thunder : RHP Jarred Sharp
Batting: RHB Mike Savage 0-0: Fly out, F7 (Line Drive, 78D, EV 95.6 MPH)
Batting: RHB Ethan McCullough 0-0: Foul Ball, location: 2F
0-1: SINGLE (Groundball, 4MD, EV 102.5 MPH)
Batting: RHB Toichiro Fujimoto 0-0: Foul Ball, location: 2F
0-1: Ball
1-1: Fielders Choice at 2nd, 3-6 (Groundball, 34, EV 89.4 MPH)
Batting: SHB Josh Conner 0-0: Foul Ball, location: 2F
0-1: Swinging Strike
0-2: Strikes out looking
Bottom of the 4th over - 0 runs, 1 hit, 0 errors, 1 left on base; Trenton 3 - Birmingham 1
TOP OF THE 5TH
Trenton Thunder batting - Pitching for Birmingham Barons : RHP Ruben Castro
Batting: RHB Bryan Westray 0-0: Ball
1-0: Called Strike
1-1: Ball
2-1: Fly out, F9 (Flyball, 9, EV 83.8 MPH)
Batting: RHB Tim Osborn 0-0: Called Strike
0-1: Ball
1-1: Ball
2-1: SINGLE (Groundball, 6D, EV 98.1 MPH)
Batting: LHB Jared Zulkowski 0-0: Grounds into double play, 4-6-3 (Groundball, 4, EV 81.2 MPH)
Top of the 5th over - 0 runs, 1 hit, 0 errors, 0 left on base; Trenton 3 - Birmingham 1
BOTTOM OF THE 5TH
Birmingham Barons batting - Pitching for Trenton Thunder : RHP Jarred Sharp
Batting: SHB Olaf Zoeteman 0-0: Ground out 5-3 (Groundball, 56, EV 90.6 MPH)
Batting: RHB John Iddings 0-0: Foul Ball, location: 2F
0-1: SINGLE (Groundball, 56D, EV 104.4 MPH)
Batting: RHB Josiah Wright 0-0: Called Strike
0-1: SINGLE (Groundball, 6D, EV 95.6 MPH)
John Iddings to second
Batting: LHB Larry Myers 0-0: Foul Ball, location: 2F
0-1: Ball
1-1: Swinging Strike
1-2: Grounds into double play, 3-6-3 (Groundball, 3, EV 87.5 MPH)
Bottom of the 5th over - 0 runs, 2 hits, 0 errors, 1 left on base; Trenton 3 - Birmingham 1
TOP OF THE 6TH
Trenton Thunder batting - Pitching for Birmingham Barons : RHP Ruben Castro
Batting: SHB Jay Gagnon 0-0: Swinging Strike
0-1: Foul Ball, location: 2F
0-2: Ball
1-2: DOUBLE (Line Drive, 9LS, EV 105.6 MPH)
Batting: RHB Sam Hubbert 0-0: Called Strike
0-1: Ball
1-1: Ball
Passed Ball!
Jay Gagnon to third
2-1: Fly out, F7 (Flyball, 7LS, EV 83.1 MPH)
Batting: SHB Houston Phillips 0-0: Ball
1-0: Fly out, F8 (Flyball, 89M, EV 78.1 MPH)
Runner from 3rd tags up, SCORES, no throw by CF
Batting: SHB David Stewart 0-0: Ground out 2-3 (Groundball, 2R, EV 71.2 MPH)
Top of the 6th over - 1 run, 1 hit, 0 errors, 0 left on base; Trenton 4 - Birmingham 1
BOTTOM OF THE 6TH
Birmingham Barons batting - Pitching for Trenton Thunder : RHP Jarred Sharp
Batting: SHB Ruben Velasco Jr. 0-0: Ball
1-0: Fly out, F1 (Line Drive, P, EV 73.1 MPH)
Batting: RHB Mike Savage 0-0: Foul Ball, location: 2F
0-1: Foul Ball, location: 2F
0-2: Ball
1-2: Foul Ball, location: 2F
1-2: Strikes out swinging
Batting: RHB Ethan McCullough 0-0: Ball
1-0: Ground out 4-3 (Groundball, 4, EV 101.9 MPH)
Bottom of the 6th over - 0 runs, 0 hits, 0 errors, 0 left on base; Trenton 4 - Birmingham 1
TOP OF THE 7TH
Trenton Thunder batting - Pitching for Birmingham Barons : RHP Ruben Castro
Batting: RHB Javier Umanzor 0-0: Ball
1-0: Ball
2-0: Called Strike
2-1: Swinging Strike
2-2: Strikes out swinging
Pitching: RHP Jon Manwaring
Batting: RHB Ben Kidder 0-0: Ball
1-0: Ground out 6-3 (Groundball, 56D, EV 103.1 MPH)
Batting: RHB Bryan Westray 0-0: Called Strike
0-1: Foul Ball, location: 2F
0-2: Strikes out swinging
Top of the 7th over - 0 runs, 0 hits, 0 errors, 0 left on base; Trenton 4 - Birmingham 1
BOTTOM OF THE 7TH
Birmingham Barons batting - Pitching for Trenton Thunder : RHP Jarred Sharp
Batting: RHB Toichiro Fujimoto 0-0: DOUBLE (Flyball, 78XD, EV 99.4 MPH)
Batting: SHB Josh Conner 0-0: Called Strike
0-1: Swinging Strike
0-2: Strikes out looking
Batting: SHB Olaf Zoeteman 0-0: Called Strike
0-1: Ball
1-1: Ground out 4-3 (Groundball, 4, EV 81.9 MPH)
Toichiro Fujimoto to third
Pinch Hitting: LHB Dalton Silveira 0-0: Ball
1-0: Fly out, F8 (Flyball, 8RXD, EV 98.1 MPH)
Bottom of the 7th over - 0 runs, 1 hit, 0 errors, 1 left on base; Trenton 4 - Birmingham 1
TOP OF THE 8TH
Trenton Thunder batting - Pitching for Birmingham Barons : RHP Jon Manwaring
Now at 2B: Dalton Silveira
Now at SS: Ethan McCullough
Batting: RHB Tim Osborn 0-0: Ball
1-0: Ball
2-0: Ground out U3 (Groundball, 34, EV 109.4 MPH)
Batting: LHB Jared Zulkowski 0-0: Ball
1-0: Foul Ball, location: 2F
1-1: SINGLE (Groundball, 4D, EV 103.8 MPH)
Batting: SHB Jay Gagnon 0-0: Ball
1-0: Called Strike
1-1: Foul Ball, location: 2F
1-2: Fielders Choice at 2nd, 1-6 (Groundball, 13S, EV 68.8 MPH)
Batting: RHB Sam Hubbert 0-0: Ball
Jay Gagnon steals 2nd base
1-0: Foul Ball, location: 2F
1-1: Called Strike
1-2: Ball
2-2: DOUBLE (Flyball, 78XD, EV 104.4 MPH)
Jay Gagnon scores
Batting: SHB Houston Phillips 0-0: Ball
1-0: Ball
2-0: Ball
3-0: Called Strike
3-1: Base on Balls
Batting: SHB David Stewart 0-0: Ball
1-0: Called Strike
1-1: Foul Ball, location: 2F
1-2: Strikes out swinging
Top of the 8th over - 1 run, 2 hits, 0 errors, 2 left on base; Trenton 5 - Birmingham 1
BOTTOM OF THE 8TH
Birmingham Barons batting - Pitching for Trenton Thunder : RHP Jarred Sharp
Batting: RHB Josiah Wright 0-0: Called Strike
0-1: Called Strike
0-2: Ball
1-2: Foul Ball, location: 2F
1-2: Foul Ball, location: 2F
1-2: Fly out, F2 (Popup, 2RF, EV 88.8 MPH)
Batting: LHB Larry Myers 0-0: SINGLE (Flyball, 78S, EV 89.4 MPH)
Batting: SHB Ruben Velasco Jr. 0-0: Ball
1-0: Called Strike
1-1: Swinging Strike
1-2: Ball
2-2: Foul Ball, location: 2F
2-2: Ball
3-2: Grounds out, U3 (Groundball, 3L, EV 78.8 MPH)
Pitching: RHP Angel Gutierres
Batting: RHB Mike Savage 0-0: Called Strike
0-1: Ball
1-1: Ball
2-1: Swinging Strike
2-2: Ball
3-2: Foul Ball, location: 2F
3-2: Base on Balls
Batting: RHB Ethan McCullough 0-0: Called Strike
0-1: Ground out 4-3 (Groundball, 4S, EV 81.2 MPH)
Bottom of the 8th over - 0 runs, 1 hit, 0 errors, 2 left on base; Trenton 5 - Birmingham 1
TOP OF THE 9TH
Trenton Thunder batting - Pitching for Birmingham Barons : RHP Jon Manwaring
Batting: RHB Javier Umanzor 0-0: Called Strike
0-1: Ground out 6-3 (Groundball, 6, EV 103.8 MPH)
Batting: RHB Ben Kidder 0-0: Ball
1-0: Ground out 6-3 (Groundball, 56, EV 91.2 MPH)
Batting: RHB Bryan Westray 0-0: Ground out 5-3 (Groundball, 56, EV 106.2 MPH)
Top of the 9th over - 0 runs, 0 hits, 0 errors, 0 left on base; Trenton 5 - Birmingham 1
BOTTOM OF THE 9TH
Birmingham Barons batting - Pitching for Trenton Thunder : RHP Angel Gutierres
Pitching: RHP Jimmy Wilder
Batting: RHB Toichiro Fujimoto 0-0: Ball
1-0: Fly out, F9 (Flyball, 9S, EV 87.5 MPH)
Batting: SHB Josh Conner 0-0: Ball
1-0: Ball
2-0: SINGLE (Line Drive, 56D, EV 96.9 MPH)
Batting: SHB Olaf Zoeteman 0-0: Ball
1-0: Called Strike
1-1: Ball
2-1: Fielders Choice at 2nd, 4-6 (Groundball, 4, EV 107.5 MPH)
Batting: LHB Dalton Silveira 0-0: SINGLE (Groundball, 34S, EV 88.1 MPH) (infield hit)
Olaf Zoeteman to second
Batting: RHB Josiah Wright 0-0: Ball
1-0: Fielders Choice at 2nd, 6-4 (Groundball, 6, EV 76.9 MPH)
Bottom of the 9th over - 0 runs, 2 hits, 0 errors, 2 left on base; Trenton 5 - Birmingham 1
Tuesday, March 28th , 2023 - OOTP Baseball 23.10 Build 110